 Dungeon Crawl Stone Soup version 0.30.1-1-g62c8e00024 (webtiles) character file.

Game seed: 13275621260058321903

16 safid the Chiller (level 2, -1/21 HPs)
             Began as a Merfolk Ice Elementalist on July 14, 2023.
             Slain by a ball python (2 damage)
             ... on level 1 of the Dungeon.
             The game lasted 00:01:04 (391 turns).

safid the Chiller (Merfolk Ice Elementalist)         Turns: 391, Time: 00:01:05

Health: -1/21      AC:  3    Str:  8    XL:     2   Next: 54%
Magic:  0/5        EV:  9    Int: 14    God:
Gold:   22         SH:  0    Dex: 14    Spells: 4/5 levels left

rFire   . . .        d - +0 whip
rCold   . . .        (no shield)
rNeg    . . .        a - +0 robe
rPois   .            (no helmet)
rElec   .            (no cloak)
rCorr   .            (no gloves)
SInv    .            h - +0 pair of boots
Will    .....        e - amulet of the acrobat
Stlth   ++           (no ring)
HPRegen 0.23/turn    (no ring)
MPRegen 0.09/turn

%: acrobat
@: constricted
A: (nimble swimmer 2), mertail
a: no special abilities


You were on level 1 of the Dungeon.
You visited 1 branch of the dungeon, and saw 1 of its levels.

You collected 22 gold pieces.

Inventory:

Hand Weapons
 d - a +0 whip (weapon)
Armour
 a - a +0 robe (worn)
 h - a +0 pair of boots (worn)
Jewellery
 e - an amulet of the acrobat (around neck)
Scrolls
 f - a scroll of immolation {unknown}
Potions
 b - a potion of magic
 g - a potion of attraction {unknown}


   Skills:
 + Level 1.1 Fighting
 - Level 2.6 Dodging
 - Level 2.1 Stealth
 + Level 2.3 Spellcasting
 + Level 4.6 Ice Magic


You had 4 spell levels left.
You knew the following spells:

 Your Spells              Type           Power      Damage    Failure   Level
a - Freeze                Ice            56%        1d7       3%          1

Your spell library contained the following spells:

 Spells                   Type           Power      Damage    Failure   Level
 Frozen Ramparts          Ice            28%        1d5       10%         3
 Ozocubu's Armour         Ice            14%        N/A       10%         3
 Summon Ice Beast         Ice/Summ       8%         N/A       65%         4


Dungeon Overview and Level Annotations

Branches:
Dungeon (1/15)

Altars:


Innate Abilities, Weirdness & Mutations

((You are very nimble when in or above water. (Stealth+, EV+, Speed+++)))
Your lower body shifts to a powerful aquatic tail in water.


Message History

Aiming: Freeze (safe; 3% risk of failure)
Press: ? - help, Shift-Dir - straight line, f/p - giant cockroach
Aim: a giant cockroach (heavily wounded)
You freeze the giant cockroach!
You kill the giant cockroach!
The ball python misses you. The ball python barely misses you.
The giant cockroach misses you. The kobold closely misses you.
The ball python closely misses you. The ball python grabs you.
The ball python constricts you.
You hit the kobold but do no damage. Your punch misses the kobold.
The giant cockroach waves its antennae.
The giant cockroach bites you but does no damage.
The kobold closely misses you. The ball python bites you.
The ball python constricts you. The giant cockroach bites you.
You hit the kobold but do no damage. The ball python bites you.
The ball python constricts you. The kobold completely misses you.
The giant cockroach barely misses you.
You closely miss the kobold. The ball python barely misses you.
The ball python constricts you.
The giant cockroach bites you but does no damage.
The kobold hits you but does no damage. The frilled lizard closely misses you.
Casting: Freeze (safe; 3% risk of failure)
Confirm with . or Enter, or press ? or * to list all spells.
Aiming: Freeze (safe; 3% risk of failure)
Press: ? - help, Shift-Dir - straight line, f - giant cockroach
Aim: a giant cockroach You freeze the giant cockroach!
You kill the giant cockroach!
The ball python bites you. The ball python constricts you.
The frilled lizard bites you but does no damage.
The kobold hits you with a +0 whip.
* * * LOW HITPOINT WARNING * * *
The ball python bites you.
* * * LOW HITPOINT WARNING * * *
The ball python constricts you.
Unknown command.
It was a potion of cancellation.
You feel magically purged. The frilled lizard closely misses you.
The kobold barely misses you. The ball python bites you.
You die...

..........)..........##
#....)................##
#.....................##
#......................#
........................
......................##
......................##
......l...............##
.......@†.............##
......SK$...^.........#
........................
........(...............
.......................#
.......................#
......................
.....................


You could see a ball python, a kobold and a frilled lizard.

Vanquished Creatures
  2 bats (D:1)
  2 endoplasms (D:1)
  3 giant cockroaches (D:1)
  A quokka (D:1)
  2 ball pythons (D:1)
  3 frilled lizards (D:1)
  A kobold (D:1)
14 creatures vanquished.

Notes
Turn   | Place    | Note
-------+----------+-------------------------------------------
     0 | D:1      | safid the Merfolk Ice Elementalist began the quest for the
                  | Orb.
     0 | D:1      | Reached XP level 1. HP: 13/13 MP: 3/3
   259 | D:1      | Reached XP level 2. HP: 15/20 MP: 1/5
   334 | D:1      | Reached skill level 1 in Fighting
   390 | D:1      | HP: 1/21 [ball python (2)]
   391 | D:1      | Slain by a ball python

Illustrated notes

Levels and vault maps discovered:
D:1:      eino_arrival_druids_welcome, layout_basic, wad_floor_pattern_2

Skill      XL: |  1  2 |
---------------+-------+-----
Fighting       | 1 |  1.1
Dodging        | |  2.6
Stealth        | |  2.1
Spellcasting   | |  2.3
Ice Magic      | |  4.6

Action                     || total
---------------------------++-------
  Melee: Whip              ||    31
   Cast: Freeze            ||    16
    Use: Potion            ||     1
   Stab: Sleeping          ||     1
         Distracted        ||     1
 Armour: Robe              ||    18
  Dodge: Dodged            ||    53
